Map: Whispers of Gold

Players

wootwoot - Winner!

  • Race: Terran Terran
  • League: Diamond
  • Spawn Location: 5:00

afanasy

  • Race: Zerg Zerg
  • League: Diamond
  • Spawn Location: 9:00

VOD

Have the link to the VOD?

Description

Time

  • Played on: April 2, 2025, 9:04 p.m.
  • Length: 8:17
Show
View Real Time Build Order
Export as new Build Order

wootwoot Terran - Winner!

Build Orders: 2 Factory 

Get SALT Encoding   

  12  0:00  SCV  
  13  0:12  SCV  
  14  0:17  Supply Depot  
  14  0:24  SCV  
  15  0:30  Refinery  
  15  0:39  SCV  
  16  0:46  Barracks  
  16  0:51  SCV  
  17  1:03  SCV  
  18  1:15  SCV  
  20  1:32  Reaper  
  20  1:33  Orbital Command  
  20  1:48  Command Center  
  20  2:00  Factory  
  20  2:03  SCV  
  21  2:09  Refinery  
  21  2:11  Barracks Reactor  
  21  2:16  SCV  
  21  2:21  Supply Depot  
  22  2:28  SCV  
  23  2:43  SCV, Factory  
  24  2:51  Hellion  
  26  2:52  Hellion  
  26  2:55  SCV  
  29  3:03  Orbital Command  
  29  3:07  SCV  
  29  3:10  Barracks Tech Lab  
  30  3:17  Hellion  
  30  3:19  SCV  
  33  3:25  Hellion  
  35  3:31  SCV  
  36  3:35  SCV  
  36  3:37  Mag-Field Accelerator  
  36  3:41  Cyclone  
  40  3:44  SCV  
  40  3:48  Supply Depot  
  41  3:50  Supply Depot  
  41  3:51  SCV  
  42  3:56  SCV  
  43  4:03  SCV  
  43  4:08  SCV  
  45  4:11  Supply Depot  
  45  4:15  SCV  
  46  4:19  Factory  
  46  4:20  Factory x2  
  46  4:23  SCV  
  47  4:29  Refinery  
  47  4:31  Refinery  
  47  4:34  Supply Depot  
  47  4:35  Cyclone  
  47  4:37  SCV  
  47  4:38  SCV  
  52  4:47  Hellion  
  52  4:49  SCV, Hellion  
  52  4:50  SCV  
  58  4:57  Supply Depot  
  58  5:01  SCV  
  58  5:02  SCV  
  58  5:05  Factory Tech Lab  
  60  5:07  Factory Reactor  
  60  5:13  SCV, Factory Tech Lab  
  61  5:14  SCV  
  61  5:16  Infernal Pre-Igniter  
  61  5:18  Cyclone  
  69  5:21  Hellion x2  
  69  5:26  Cyclone  
  72  5:29  SCV  
  72  5:31  Cyclone  
  76  5:38  Supply Depot  
  76  5:39  Supply Depot  
  76  5:44  Hellion x2  
  80  5:51  Hellion x2  
  84  6:00  Cyclone x2  
  84  6:04  Cyclone  
  91  6:24  Hellion x4  
  96  6:32  Cyclone x2  
  97  6:36  Cyclone  
  98  6:45  Hellion x2  
  102  7:07  Supply Depot x2  
  102  7:10  Supply Depot  
  102  7:14  Hellion  
  102  7:17  Hellion  
  102  7:18  Hellion  
  102  7:19  Cyclone, Hellion  
  100  7:29  Cyclone  
  103  7:35  Cyclone  
  106  7:43  Hellion x3  
Show
View Real Time Build Order
Export as new Build Order

afanasy Zerg 

Build Orders: Hatch First 

Get SALT Encoding   

  12  0:03  Drone  
  13  0:18  Overlord  
  13  0:23  Drone  
  14  0:41  Drone x3  
  17  0:53  Hatchery  
  16  1:05  Drone x2  
  18  1:15  Extractor  
  17  1:20  Spawning Pool  
  17  1:21  Drone  
  17  1:25  Drone  
  18  1:36  Drone  
  19  1:47  Drone  
  20  2:00  Overlord  
  20  2:11  Queen x2  
  20  2:12  Zergling x2  
  20  2:13  Zergling x2  
  26  2:19  Drone x2  
  28  2:29  Drone x2  
  30  2:40  Drone x2  
  30  2:43  Metabolic Boost  
  32  2:47  Queen  
  32  2:51  Queen  
  34  2:53  Overlord  
  36  3:05  Overlord  
  36  3:13  Drone x4  
  40  3:26  Drone x6  
  46  3:39  Overlord  
  46  3:40  Drone x2  
  48  3:46  Hatchery  
  48  3:47  Roach Warren  
  46  3:50  Drone  
  47  4:00  Lair  
  47  4:02  Drone x6  
  53  4:05  Extractor  
  53  4:07  Extractor  
  51  4:12  Extractor  
  50  4:20  Drone x4  
  54  4:27  Overlord  
  54  4:28  Overlord  
  54  4:39  Drone  
  54  4:42  Roach x2  
  59  4:57  Overlord  
  59  4:59  Glial Reconstitution  
  59  5:01  Roach x2  
  59  5:04  Ravager  
  59  5:05  Ravager  
  65  5:07  Roach  
  65  5:08  Roach  
  69  5:21  Zergling x10  
  74  5:23  Ravager x2  
  76  5:33  Roach x2  
  76  5:34  Zergling x2  
  76  5:35  Zergling x10  
  86  5:39  Ravager  
  86  5:40  Ravager  
  88  6:00  Overlord x3  
  88  6:01  Overlord  
  76  6:28  Roach x7  
  77  6:43  Zergling x16  
  85  6:51  Roach x2  
  87  6:55  Ravager x7  
  94  7:07  Hatchery  
  90  7:22  Roach x6  
  89  7:27  Ravager  
  89  7:35  Roach x4  
  86  7:47  Ravager x6  
Tags
 
Add a new tag
Caveats
  • Supply blocks, unpowered buildings, or Contaminate may cause inaccurate times.
  • Supply counts are checked every 10 seconds.